 Dungeon Crawl Stone Soup version 0.21-a0-273-g0785366 (webtiles) character file.

21823 Chiseanne the Grappler (level 12, -9/126 HPs)
             Began as a Troll Monk on Sept 17, 2017.
             Was a High Priest of Wu Jian.
             Mangled by a deep elf knight
             ... wielding a +0 scimitar
              (12 damage)
             ... on level 15 of the Dungeon.
             The game lasted 00:23:35 (11557 turns).

Chiseanne the Grappler (Troll Monk)                Turns: 11557, Time: 00:23:36

Health: -9/126     AC:  9    Str: 22    XL:     12   Next: 57%
Magic:  11/11      EV: 16    Int:  6    God:    Wu Jian [*****.]
Gold:   458        SH:  0    Dex: 16    Spells: 11/11 levels left

rFire    + + .     SeeInvis .     - Unarmed
rCold    . . .     Gourm    +   (no shield)
rNeg     . . .     Faith    .   J - +2 robe {rF+}
rPois    .         Spirit   .   (helmet restricted)
rElec    .         Reflect  .   U - +1 cloak
rCorr    .         Harm     .   (gloves unavailable)
MR       .....                  (boots unavailable)
Stlth    +.........             (no amulet)
HPRegen  0.71/turn              A - ring of protection from fire
MPRegen  0.12/turn              (no ring)

@: lethally poisoned (-9 -> -15), glowing, drained, heavenly storm
A: unfitting armour, claws 3, fast metabolism 3, gourmand, regeneration 1,
shaggy fur 1, tough skin 2
a: Serpent's Lash, Heavenly Storm, Renounce Religion


You were on level 15 of the Dungeon.
You worshipped Wu Jian.
Wu Jian was extremely pleased with you.
You were very full.

You visited 2 branches of the dungeon, and saw 14 of its levels.
You also visited: Ossuary.

You collected 798 gold pieces.
You spent 340 gold pieces at shops.

Inventory:

Hand Weapons
 a - a +3 giant spiked club
Missiles
 e - 34 sling bullets
 f - 239 arrows
 j - 330 stones (quivered)
 v - 204 bolts
 y - 10 tomahawks
 E - 14 poisoned needles
 H - 2 tomahawks of returning
Armour
 q - a +1 robe of cold resistance
 J - a +2 robe of fire resistance (worn)
 U - a +1 cloak (worn)
Jewellery
 A - a ring of protection from fire (left claw)
 L - an uncursed amulet of harm
Wands
 x - a wand of iceblast (4/15)
 D - a wand of digging (11/24)
 F - a wand of confusion (25/48)
 K - a wand of digging (14/24)
 P - a wand of confusion (19/48)
 T - a wand of confusion (16/48)
 V - a wand of flame (23/48)
Scrolls
 g - 2 scrolls of fog
 i - 6 scrolls of remove curse
 s - 5 scrolls of teleportation
 u - a scroll of magic mapping
 w - 2 scrolls of amnesia
 M - a scroll of fear
 O - a scroll of recharging
 R - 3 scrolls of identify
Potions
 d - 2 potions of cancellation
 h - 3 potions of resistance
 k - a potion of flight
 l - 2 potions of agility
 m - a potion of magic {unknown}
 n - 6 potions of heal wounds
 t - 2 potions of invisibility
 z - 3 potions of ambrosia
 B - a potion of haste
 C - 4 potions of mutation
 G - a potion of might
 I - 3 potions of lignification
 N - 6 potions of curing
 Q - 13 potions of degeneration
Books
 r - a book of Minor Magic

   Spells                             Type                      Level
   a - Magic Dart                     Conjuration                  1
   b - Blink                          Translocation                2
   c - Call Imp                       Summoning                    2
   d - Slow                           Hexes                        2
   e - Conjure Flame                  Conjuration/Fire             3
   f - Mephitic Cloud                 Conjuration/Poison/Air       3
 S - a book of Misfortune

   Spells                             Type                      Level
   a - Confusing Touch                Hexes                        1
   b - Confuse                        Hexes                        3
   c - Gell's Gravitas                Translocation                3
   d - Petrify                        Transmutation/Earth          4
   e - Metabolic Englaciation         Hexes/Ice                    5
   f - Yara's Violent Unravelling     Hexes/Transmutation          5
Comestibles
 b - 8 bread rations
 c - 9 meat rations
 o - 5 royal jellies
 p - 36 fruits


   Skills:
 * Level 10.1(9.3) Fighting
 + Level 5.4(4.7) Throwing
 * Level 10.4(9.6) Dodging
 - Level 1.0(0.4) Stealth
 * Level 12.0(11.2) Unarmed Combat


You had 11 spell levels left.
You didn't know any spells.

Dungeon Overview and Level Annotations

Branches:
Dungeon (12/15)            Temple (1/1) D:4            Lair (0/6) D:9
    Orc (0/2) D:9

Altars:
Dithmenos
Elyvilon
Gozag
Hepliaklqana
Makhleb
Nemelex Xobeh
Okawaru
Uskayaw
Wu Jian
Xom
Zin

Shops:
D:5 !   D:15 *

Portals:
Sewer: D:5


Innate Abilities, Weirdness & Mutations

You are too large for most types of armour.
You have claws for hands.
Your metabolism is lightning-fast.
You like to eat raw meat.
Your natural rate of healing is unusually fast.
You are covered in fur. (AC +1)
You have very tough skin. (AC +2)


Message History

The orange demon poisons you!
Okay, then.
You feel much better.
You feel sick.
The deep elf knight completely misses you.
The two-headed ogre hits you with a giant club!
* * * LOW HITPOINT WARNING * * *
The two-headed ogre barely misses you.
The orange demon stings you but does no damage.
An ettin comes into view.
It is wielding a dire flail and a great mace.
Okay, then.
The air is filled with shimmering golden clouds!
Sifu Deng Ai says: The storm will not cease as long as you keep fighting, disciple!
You feel sick.
You hear a shout! x4
The sixfirhy hits you!
* * * LOW HITPOINT WARNING * * *
The sixfirhy shocks you!
* * * LOW HITPOINT WARNING * * *
The deep elf knight hits you with a scimitar!
You die...

....... #C ......... ..#
......... ... .. ......... #.. .#
........###.#### ..#
......§§§§§#..... ..#
......§§§§§...... ..#
?..$..§§@3o#.....
..######......§§eO4......
..............§§§§#####.. #######
#######.######....# #...#......
......#.# #.)..# #...#......
......#.# #....# #...#......
......#.# #....# #...#......
......#.######....# #...#######
......#...........#####..........


You could see a two-headed ogre, an orange demon, a deep elf knight, a sixfirhy
and an orc sorcerer.

Vanquished Creatures
  A hydra (D:15)
  10 two-headed ogres
  Pikel (D:7)
  A deep elf mage (D:12)
  The ghost of soonmide the Archer, a novice CeAM of Qazlal (D:6)
  A wolf spider zombie (D:15)
  A manticore (D:12)
  Joseph (D:8)
  An ice statue (D:11)
  A centaur skeleton (D:12)
  A kobold demonologist (D:15)
  A troll (D:12)
  A hornet (D:12)
  Prince Ribbit (D:7)
  3 hippogriffs
  Sigmund (D:6)
  11 yaks
  A wraith (D:15)
  A hungry ghost (D:7)
  3 vampire mosquitoes (D:12)
  Grum (D:8)
  The ghost of Grangar the Conjurer, an amateur DECj (D:3)
  2 hell hounds (D:9)
  2 water moccasins
  6 orc warriors
  A swamp drake (D:9)
  2 phantoms
  4 ice beasts
  4 sky beasts
  4 black bears
  7 ogres
  A necrophage (D:10)
  2 wolves (D:8)
  3 centaurs
  2 crocodiles
  4 big kobolds
  Blork the orc (D:6)
  5 bullfrogs
  A gnoll sergeant (D:7)
  2 wyvern skeletons
  7 scorpions
  11 wights
  7 crimson imps
  A bullfrog zombie (D:9)
  2 howler monkeys
  4 centaur zombies
  12 orc priests
  4 hounds
  7 jellies
  13 orc wizards
  Jessica (D:2)
  A bullfrog skeleton (D:8)
  Natasha (D:2)
  An iguana (D:7)
  6 worker ants
  A killer bee zombie (D:10)
  2 hound zombies
  A hound skeleton (D:11)
  13 mummies (Ossuary)
  2 worker ant zombies
  4 gnolls (D:7)
  8 adders
  4 shadow imps
  An ooze (D:3)
  2 adder skeletons
  3 worms
  5 dart slugs
  9 leopard geckos
  68 orcs
  6 bats
  3 giant cockroaches
  6 goblins
  9 hobgoblins
  10 jackals
  17 kobolds
  4 quokkas
  5 frilled lizards
  2 gnoll skeletons (Ossuary)
  2 goblin skeletons (Ossuary)
  A jackal skeleton (D:4)
  A kobold skeleton (Ossuary)
  A leopard gecko skeleton (D:4)
  A leopard gecko zombie (D:8)
  3 orc skeletons (Ossuary)
  9 rats
  11 rat skeletons (Ossuary)
390 creatures vanquished.

Notes
Turn   | Place    | Note
-------+----------+-------------------------------------------
     0 | D:1      | Chiseanne the Troll Monk began the quest for the Orb.
     0 | D:1      | Reached XP level 1. HP: 22/22 MP: 0/0
   149 | D:1      | Reached XP level 2. HP: 27/29 MP: 1/1
   307 | D:1      | Reached XP level 3. HP: 35/36 MP: 2/2
   791 | D:2      | Reached XP level 4. HP: 39/45 MP: 3/3
   939 | D:2      | Noticed Jessica
   950 | D:2      | Killed Jessica
  1180 | D:2      | Noticed Natasha
  1189 | D:2      | Killed Natasha
  1189 | D:2      | Reached skill level 4 in Unarmed Combat
  1338 | D:3      | Reached XP level 5. HP: 53/53 MP: 4/4
  1617 | D:3      | Reached XP level 6. HP: 43/62 MP: 5/5
  2221 | D:3      | Noticed Grangar's ghost (amateur DECj)
  2238 | D:3      | Killed Grangar's ghost
  2443 | D:4      | Reached skill level 5 in Unarmed Combat
  2482 | D:4      | Reached XP level 7. HP: 47/70 MP: 6/6
  2648 | D:4      | Found a staircase to the Ecumenical Temple.
  2755 | Temple   | Entered the Ecumenical Temple
  2830 | Temple   | Became a worshipper of the Wu Jian Council
  2830 | Temple   | Reached * piety under Wu Jian
  2830 | Temple   | Reached ** piety under Wu Jian
  3396 | D:5      | Entered Level 5 of the Dungeon
  3539 | D:5      | Reached skill level 5 in Dodging
  3553 | D:5      | Reached skill level 6 in Unarmed Combat
  3723 | D:5      | Reached skill level 5 in Fighting
  3723 | D:5      | Reached XP level 8. HP: 71/80 MP: 7/7
  3728 | D:5      | Found a glowing drain.
  3758 | D:5      | Found Soobagiene's Distillery.
  3768 | D:5      | Bought a potion of might for 52 gold pieces
  3768 | D:5      | Bought a potion of haste for 130 gold pieces
  3768 | D:5      | Bought a potion of heal wounds for 65 gold pieces
  4205 | D:6      | Noticed Sigmund
  4223 | D:6      | Killed Sigmund
  4375 | D:6      | Found an iron altar of Okawaru.
  4423 | D:6      | Found a sand-covered staircase.
  4432 | Ossuary  | Entered an ossuary
  4477 | Ossuary  | Reached *** piety under Wu Jian
  4553 | Ossuary  | Reached skill level 7 in Unarmed Combat
  5081 | D:6      | Noticed soonmide's ghost (novice CeAM)
  5109 | D:6      | Killed soonmide's ghost
  5109 | D:6      | Reached XP level 9. HP: 63/89 MP: 8/8
  5169 | D:6      | Noticed Blork the orc
  5173 | D:6      | Killed Blork the orc
  5253 | D:6      | Found a shadowy altar of Dithmenos.
  5339 | D:7      | Reached skill level 8 in Unarmed Combat
  5547 | D:7      | Found a sparkling altar of Nemelex Xobeh.
  5590 | D:7      | Noticed Pikel
  5600 | D:7      | Killed Pikel
  5600 | D:7      | Reached skill level 1 in Throwing
  5643 | D:7      | Reached **** piety under Wu Jian
  5709 | D:7      | Found a white marble altar of Elyvilon.
  5709 | D:7      | Found a hazy altar of Hepliaklqana.
  5712 | D:7      | Found an opulent altar of Gozag.
  5824 | D:7      | Found a hide-covered altar of Uskayaw.
  6044 | D:7      | Noticed Prince Ribbit
  6059 | D:7      | Killed Prince Ribbit
  6059 | D:7      | Reached XP level 10. HP: 95/102 MP: 9/9
  6171 | D:8      | Noticed a two-headed ogre
  6182 | D:8      | Killed a two-headed ogre
  6182 | D:8      | Reached skill level 9 in Unarmed Combat
  6380 | D:8      | Noticed a two-headed ogre
  6395 | D:8      | Killed a two-headed ogre
  6411 | D:8      | Noticed a two-headed ogre
  6420 | D:8      | Killed a two-headed ogre
  6597 | D:8      | Noticed Grum
  6605 | D:8      | Killed Grum
  6783 | D:8      | Noticed Joseph
  6797 | D:8      | Killed Joseph
  6936 | D:8      | Noticed a two-headed ogre
  6945 | D:8      | Killed a two-headed ogre
  6945 | D:8      | Reached skill level 10 in Unarmed Combat
  6945 | D:8      | Reached XP level 11. HP: 47/113 MP: 10/10
  7345 | D:9      | Found a staircase to the Lair.
  7561 | D:9      | Reached ***** piety under Wu Jian
  7788 | D:9      | Found a staircase to the Orcish Mines.
  7924 | D:9      | Found a shimmering altar of Xom.
  8387 | D:10     | Entered Level 10 of the Dungeon
  8387 | D:10     | Noticed a two-headed ogre
  8392 | D:10     | Killed a two-headed ogre
  8549 | D:10     | Noticed a two-headed ogre
  8561 | D:10     | Killed a two-headed ogre
  8698 | D:10     | Noticed a two-headed ogre
  8706 | D:10     | Killed a two-headed ogre
  8959 | D:10     | Noticed a two-headed ogre
  8964 | D:10     | Killed a two-headed ogre
  8986 | D:10     | Reached skill level 11 in Unarmed Combat
  9050 | D:10     | Found a glowing silver altar of Zin.
  9558 | D:11     | Noticed a two-headed ogre
  9567 | D:11     | Killed a two-headed ogre
 10446 | D:12     | Noticed a deep elf mage
 10454 | D:12     | Killed a deep elf mage
 10454 | D:12     | Reached XP level 12. HP: 124/124 MP: 11/11
 10825 | D:12     | Reached skill level 10 in Dodging
 10909 | D:12     | Reached skill level 5 in Throwing
 10948 | D:12     | Reached ****** piety under Wu Jian
 11296 | D:12     | You fall through a shaft for 3 floors!
 11296 | D:15     | Entered Level 15 of the Dungeon
 11316 | D:15     | Found Xiamuobb's Assorted Antiques.
 11325 | D:15     | Bought a scroll labeled HUXZYE FOFFE for 31 gold pieces
 11325 | D:15     | Bought a scroll of fog for 62 gold pieces
 11333 | D:15     | Noticed a six-headed hydra
 11337 | D:15     | Killed a six-headed hydra
 11342 | D:15     | Reached skill level 10 in Fighting
 11491 | D:15     | Reached skill level 12 in Unarmed Combat
 11521 | D:15     | Noticed a two-headed ogre
 11536 | D:15     | Killed a two-headed ogre
 11550 | D:15     | Noticed a two-headed ogre
 11557 | D:15     | Noticed an ettin
 11557 | D:15     | HP: 3/126 [sixfirhy[an orc sorcerer] (11)]
 11557 | D:15     | Mangled by a deep elf knight

Vault maps used:
D:1:      lemuel_arrival_muddy, minmay_pentomino_s4
D:2:      uniq_jessica, uniq_natasha
D:3:      kennysheep_generic_room_3
D:4:      minmay_temple_entry_enclosed_plants
D:5:      serial_shops, shop_fountains, portal_sewer_entry_f, first_bread,
          kennysheep_generic_room_11
D:6:      lemuel_coloured_pillars_altar, okawaru_ov_weapons_minmay,
          nicolae_ossuary_entry_ruins, uniq_blork_the_orc, uniq_sigmund
D:7:      nicolae_overflow_quartered_altars, nemelex_diamond_rough_becter,
          uniq_prince_ribbit1, uniq_pikel
D:8:      uniq_grum, uniq_joseph
D:9:      nicolae_overflow_crystal_walls, minmay_lair_entry_lava, erik_orc_1
D:10:     basic_altar
D:11:     lemuel_ice_statue
D:12:     blue_anna_alchemist, grunt_decor_mini_mirrors
D:15:     hangedman_depths_entry_civil_slaughter, nicolae_gozag_seed_capital,
          serial_shops, shop, amethyst_killhole
Temple:   regret_index_temple_generic_petals
Ossuary:  ossuary_due_small_catacomb

Skill      XL: |  1  2  3  4  5  6  7  8  9 10 11 12 |
---------------+-------------------------------------+-----
Fighting       | 3 4 5 6 7 8 9 10 | 10.1
Dodging        | 3 4 5 6 7 8 9 10 | 10.4
Unarmed Combat | 4 5 6 7 8 10 11 12 | 12.0
Throwing       | 1 3 4 5 |  5.4
Stealth        | |  1.0

Action                   |  1- 3 |  4- 6 |  7- 9 | 10-12 || total
-------------------------+-------+-------+-------+-------++-------
Melee: Unarmed           |    90 |   125 |   346 |   596 ||  1157
       Punch             |     3 |     4 |    12 |    47 ||    66
       Giant spiked club |       |       |       |     4 ||     4
Invok: Heavenly Storm    |       |       |       |     1 ||     1
Evoke: Wand              |       |       |       |    17 ||    17
  Use: Scroll            |       |     7 |     8 |    11 ||    26
       Potion            |       |       |     1 |     5 ||     6
 Stab: Sleeping          |     3 |     6 |     8 |     4 ||    21
  Eat: Chunk             |    13 |    12 |    43 |    49 ||   117
Armor: Robe              |    32 |    29 |    56 |   108 ||   225
Dodge: Dodged            |    48 |    63 |   155 |   365 ||   631

Table legend:
 A = Spawn XP
 B = Non-spawn XP
 C = Spawn XP percentage of total XP
 D = Spawn monster count
 E = Non-spawn monster count
 F = Spawn count percentage of total count
 G = Total turns spent on level
                    A         B        C        D         E        F      G
               +---------+---------+-------+---------+---------+-------+---------
         Total |       0 |   31177 |   0.0 |       0 |     390 |   0.0 | 11557
               +---------+---------+-------+---------+---------+-------+---------
           D:1 |       0 |      62 |   0.0 |       0 |      31 |   0.0 |   728
           D:2 |       0 |     132 |   0.0 |       0 |      16 |   0.0 |   608
           D:3 |       0 |     366 |   0.0 |       0 |      24 |   0.0 |  1066
           D:4 |       0 |     600 |   0.0 |       0 |      27 |   0.0 |   900
           D:5 |       0 |     537 |   0.0 |       0 |      20 |   0.0 |   683
           D:6 |       0 |    1280 |   0.0 |       0 |      18 |   0.0 |   943
           D:7 |       0 |    2302 |   0.0 |       0 |      26 |   0.0 |   880
           D:8 |       0 |    5702 |   0.0 |       0 |      36 |   0.0 |  1127
           D:9 |       0 |    2562 |   0.0 |       0 |      36 |   0.0 |  1090
          D:10 |       0 |    5123 |   0.0 |       0 |      38 |   0.0 |   919
          D:11 |       0 |    2461 |   0.0 |       0 |      29 |   0.0 |  1140
          D:12 |       0 |    6666 |   0.0 |       0 |      50 |   0.0 |   850
          D:15 |       0 |    3135 |   0.0 |       0 |       7 |   0.0 |   261
       Ossuary |       0 |     249 |   0.0 |       0 |      32 |   0.0 |   268
               +---------+---------+-------+---------+---------+-------+---------
